 Dungeon Crawl Stone Soup version 0.27.1-33-g824d729ab1 (webtiles) character file.

Game seed: 6361731152691394146

17660 jlumianski the Cleaver (level 12, -7/69 HPs)
             Began as a Gargoyle Monk on Dec 13, 2021.
             Was an Elder of Hepliaklqana.
             Mangled by an orc warrior (28 damage)
             ... on level 2 of the Orcish Mines on Dec 14, 2021.
             The game lasted 01:02:21 (15793 turns).

jlumianski the Cleaver (Gargoyle Monk)             Turns: 15793, Time: 01:02:22

Health: -7/69      AC: 35    Str: 19    XL:     12   Next: 50%
Magic:  12/12      EV: 13    Int: 10    God:    Hepliaklqana [****..]
Gold:   564        SH:  0    Dex: 24    Spells: 8/11 levels left

rFire    . . .     SeeInvis .   C - +0 broad axe (vorpal)
rCold    x . .     Faith    +   (no shield)
rNeg     + . .     Spirit   .   Q - +6 scale mail of Apathy {Drain Fly rElec rC-}
rPois    ∞         Reflect  .   k - +2 helmet
rElec    +         Harm     .   w - +2 cloak
rCorr    .         Rampage  .   J - +2 pair of gloves
Will     .....                  t - +2 pair of boots
Stlth    +++.......             x - amulet of faith
HPRegen  0.21/turn              u - +6 ring of dexterity
MPRegen  0.13/turn              K - +6 ring of dexterity

@: flying, studying Polearms
A: reduced essence, sickness immunity, AC +8, negative energy resistance 1,
electricity resistance, torment resistance 1, petrification resistance, weak 1
a: Renounce Religion, Ancestor Life: Knight, Ancestor Life: Battlemage, Ancestor
Life: Hexer, Recall Ancestor, Ancestor Identity, Transference, Idealise


You were on level 2 of the Orcish Mines.
You worshipped Hepliaklqana.
Hepliaklqana was greatly pleased with you.
You visited 3 branches of the dungeon, and saw 15 of its levels.
You also visited: Sewer.

You collected 901 gold pieces.
You spent 337 gold pieces at shops.

Inventory:

Hand Weapons
 n - a +2 dagger of speed
 C - a +0 vorpal broad axe (weapon)
 U - a +0 glaive
 Y - a +5 war axe
Missiles
 g - 3 datura-tipped darts
 i - 3 silver boomerangs
 q - 109 bolts
 r - 61 poisoned darts (quivered)
 F - 4 throwing nets
 S - 3 javelins
Armour
 k - a +2 helmet (worn)
 t - a +2 pair of boots (worn)
 w - a +2 cloak (worn)
 J - a +2 pair of gloves (worn)
 Q - the +6 scale mail of Apathy (worn) {Drain Fly rElec rC-}
   (You found it on level 9 of the Dungeon)

   rC:        It makes you vulnerable to cold.
   rElec:     It insulates you from electricity.
   Fly:       It grants you flight.
   Drain:     It drains your maximum health when unequipped.
Magical Staves
 d - a staff of cold
Jewellery
 m - a ring of willpower
 u - a +6 ring of dexterity (left hand)
 x - an amulet of faith (around neck)
 K - a +6 ring of dexterity (right hand)
Wands
 v - a wand of flame (60)
 B - a wand of paralysis (6)
 H - a wand of polymorph (4)
 V - a wand of digging (2)
Scrolls
 b - a scroll of summoning
 c - 10 scrolls of teleportation
 j - 2 scrolls of fog
 o - a scroll of enchant armour
 p - a scroll of silence
 y - 3 scrolls of blinking
 z - 3 scrolls of magic mapping
 M - a scroll of holy word
 R - 4 scrolls of fear
 T - a scroll of immolation
Potions
 a - a potion of might
 e - 2 potions of heal wounds
 f - a potion of lignification
 h - 5 potions of cancellation
 l - 3 potions of curing
 s - a potion of attraction
 A - 2 potions of berserk rage
 D - a potion of haste
 N - 3 potions of ambrosia


   Skills:
 + Level 9.7 Fighting
 + Level 12.9(13.3) Axes
 * Level 5.9(10.3) Polearms
 + Level 1.8 Throwing
 + Level 6.7 Armour
 + Level 5.2 Dodging
 + Level 7.3 Stealth
 * Level 3.0 Summonings
 + Level 0.1 Evocations


You had 8 spell levels left.
You knew the following spells:

 Your Spells              Type           Power      Damage    Failure   Level
a - Call Canine Familiar  Summ           6%         N/A       65%         3

Your spell library contained the following spells:

 Spells                   Type           Power      Damage    Failure   Level
 Portal Projectile        Hex/Tloc       0%         N/A       97%         3
 Leda's Liquefaction      Hex/Erth       0%         N/A       100%        4
 Summon Forest            Summ/Tloc      1%         N/A       100%        5
 Summon Mana Viper        Hex/Summ       3%         N/A       100%        5
 Shadow Creatures         Summ           N/A        N/A       100%        6


Dungeon Overview and Level Annotations

Branches:
Dungeon (12/15)            Temple (1/1) D:7            Lair (0/6) D:10
    Orc (2/2) D:10            Elf (0/3) Orc:2         Sewer (visited)

Altars:
Ashenzari
Cheibriados
Dithmenos
Elyvilon
Fedhas
Gozag
Hepliaklqana
Kikubaaqudgha
Makhleb
Nemelex Xobeh
Okawaru
Qazlal
Ru
Sif Muna
Trog
Uskayaw
Vehumet
Wu Jian
Xom
Yredelemnul
Zin
The Shining One
Beogh

Shops:
D:10 ?   Orc:2 *

Annotations:
D:3 1 runed translucent door, Squirrel's ghost, amateur MiGl
D:9 1 runed translucent door
D:10 2 runed translucent doors, Urokeeper's ghost, novice MiFi


Innate Abilities, Weirdness & Mutations

Your life essence is reduced to manifest your ancestor. (-10% HP)
You are immune to sickness and miasma.
Your stone body is resilient. (AC +8)
You are immune to poison.
You resist negative energy. (rN+)
You are resistant to electric shocks. (rElec)
You are resistant to unholy torment.
You are immune to petrification.
You are weak. (Str -2)


Message History

You hit the orc priest but do no damage.
The orc warrior hits Xochitl with a +0 halberd!
An orc wizard comes into view. It is wielding a +0 dagger.
The orc warrior misses you.
Xochitl hits the orc warrior but does no damage.
The orc priest hits you with a +0 dagger.
The orc warrior closely misses you.
Xochitl hits the orc warrior!
The orc warrior hits Xochitl with a +0 halberd!!
Xochitl is destroyed!
The orc priest mumbles some strange prayers to Beogh against you.
Beogh smites you!
* * * LOW HITPOINT WARNING * * *
You hear a shout!
The orc warrior shouts!
You hear a shout! x3
The orc priest mumbles some strange prayers to Beogh against you.
Beogh smites you!
* * * LOW HITPOINT WARNING * * *
Items here: )) [ †.
You feel much better. The orc warrior closely misses you.
The orc priest mumbles some strange prayers to Beogh against you.
Beogh smites you!
* * * LOW HITPOINT WARNING * * *
Things that are here:
a +0 mace; a +0 leather armour The orc priest miscasts a cantrip.
The orc warrior no longer looks unusually strong.
The orc knight roars a battlecry!
The orc warrior goes into a battle-frenzy!
The orc warrior no longer looks unusually strong.
The orc wizard no longer looks unusually strong.
The orc warrior no longer looks unusually strong.
The orc knight roars a battlecry!
The orcs go into a battle-frenzy!
The orc wizard gestures wildly while chanting.
The orc wizard flickers and vanishes!
Deactivating autopickup; reactivate with Ctrl-A.
The orc warrior barely misses you.
There is a stone staircase leading up here.
The orc warrior hits you with a +2 vorpal scimitar!!
You die...

......................
................#.......
..........o.............
.)......................
.......∩.o..............
.............o.......#..
...^....................
..............o.........
...............o@.......
........................
.._.............(.#.....
...................^....
......<.................
......................##
#......................#
##.....................#
##.....................


You could see an orc knight, 3 orc warriors and an orc priest (strong).

Vanquished Creatures
  Harold (D:8)
  A death knight (D:10)
  A two-headed ogre (D:11)
  A skeletal warrior (D:12)
  2 ugly things
  4 cyclopes
  Joseph (D:9)
  A gargoyle (D:8)
  4 trolls
  7 yaks
  A shadow (D:10)
  2 wyverns
  2 wraiths
  A basilisk (D:10)
  A steam dragon (D:7)
  6 vampire mosquitoes
  Grum (D:8)
  Menkaure (D:6)
  3 water moccasins
  Duvessa (D:6)
  A black bear (D:5)
  11 orc warriors
  2 sky beasts (D:7)
  2 ice beasts
  3 wolves (D:8)
  3 ogres
  A centaur (D:9)
  A kobold brigand (D:9)
  Blork the orc (D:5)
  5 bullfrogs
  2 scorpions
  A wyvern zombie (D:8)
  Dowan (D:6)
  2 gnoll sergeants (D:9)
  5 killer bees (D:9)
  13 wights
  5 howler monkeys
  4 centaur zombies
  3 hounds
  2 jellies (D:5)
  6 orc priests
  A gnoll shaman (D:7)
  Ijyb (D:4)
  9 orc wizards
  A hound zombie (D:5)
  2 hound skeletons
  A howler monkey zombie (D:4)
  13 gnolls
  14 adders
  4 river rats (Sewer)
  A shadow imp (D:8)
  A white imp (D:7)
  3 worms
  A dart slug (D:3)
  40 orcs
  5 endoplasms
  7 goblins
  5 hobgoblins
  3 jackals (D:1)
  6 quokkas
  20 ball pythons
  4 bats
  3 frilled lizards
  13 kobolds
  31 rats
305 creatures vanquished.

Vanquished Creatures (collateral kills)
  A kobold demonologist (D:9)
  A troll (Orc:1)
  A shadow (D:12)
  2 wraiths
  4 yaks
  A water moccasin (D:10)
  2 orc warriors
  A centaur (D:8)
  A bullfrog (D:8)
  A gnoll sergeant (D:9)
  A killer bee (D:9)
  2 wights (D:9)
  4 orc priests
  A gnoll (D:9)
  15 orcs
  A kobold (D:9)
39 creatures vanquished.

Vanquished Creatures (others)
  12 ancestors
  A fungus (D:10)
  7 plants (D:10)
20 creatures vanquished.

Grand Total: 364 creatures vanquished

Notes
Turn   | Place    | Note
-------+----------+-------------------------------------------
     0 | D:1      | jlumianski the Gargoyle Monk began the quest for the Orb.
     0 | D:1      | Reached XP level 1. HP: 14/14 MP: 1/1
   415 | D:1      | Reached XP level 2. HP: 18/19 MP: 2/2
   880 | D:1      | Reached skill level 3 in Axes
  1236 | D:1      | Reached XP level 3. HP: 22/24 MP: 3/3
  2052 | D:2      | Reached XP level 4. HP: 16/29 MP: 4/4
  2997 | D:3      | Found a runed translucent door.
  3232 | D:3      | Reached XP level 5. HP: 17/33 MP: 5/5
  3289 | D:3      | Noticed Squirrel's ghost (amateur MiGl)
  3455 | D:2      | Reached skill level 4 in Axes
  3818 | D:4      | Noticed Ijyb
  3828 | D:3      | Reached skill level 1 in Armour
  3897 | D:4      | Killed Ijyb
  3898 | D:4      | Reached XP level 6. HP: 10/39 MP: 6/6
  4256 | D:4      | Found a glowing silver altar of Zin.
  4937 | D:5      | Entered Level 5 of the Dungeon
  4991 | D:5      | Noticed a black bear
  4997 | D:5      | Reached skill level 5 in Axes
  5003 | D:5      | Killed a black bear
  5040 | D:5      | Noticed Blork the orc
  5049 | D:5      | Killed Blork the orc
  5050 | D:5      | Reached XP level 7. HP: 44/44 MP: 7/7
  5532 | D:5      | Reached skill level 6 in Axes
  5561 | D:5      | Reached skill level 5 in Fighting
  5651 | D:5      | HP: 1/44 [ice beast (12)]
  6428 | D:6      | Reached XP level 8. HP: 49/49 MP: 8/8
  6508 | D:6      | Found a glowing drain.
  6512 | Sewer    | Entered a sewer
  6865 | Sewer    | Gained mutation: You are weak. (Str -2) [potion of
                  | mutation]
  6884 | Sewer    | Reached skill level 7 in Axes
  7134 | D:6      | Noticed Menkaure
  7143 | D:6      | Killed Menkaure
  7377 | D:6      | Noticed Dowan
  7377 | D:6      | Noticed Duvessa
  7384 | D:6      | Killed Duvessa
  7385 | D:6      | Killed Dowan
  7576 | D:6      | Reached skill level 8 in Axes
  7923 | D:7      | Reached XP level 9. HP: 56/56 MP: 9/9
  7957 | D:7      | Reached skill level 5 in Armour
  8274 | D:7      | Reached skill level 9 in Axes
  8953 | D:7      | Found a staircase to the Ecumenical Temple.
  8959 | Temple   | Entered the Ecumenical Temple
  9033 | Temple   | Became a worshipper of Hepliaklqana the Forgotten
  9033 | Temple   | Reached * piety under Hepliaklqana
  9033 | Temple   | Reached ** piety under Hepliaklqana
  9153 | D:8      | Reached skill level 1 in Throwing
  9174 | D:8      | Noticed Harold
  9194 | D:8      | Killed Harold
  9195 | D:8      | Reached skill level 10 in Axes
  9195 | D:8      | Reached XP level 10. HP: 25/57 MP: 10/10
  9380 | D:8      | Noticed Grum
  9396 | D:8      | Killed Grum
  9495 | D:8      | Reached skill level 5 in Stealth
  9546 | D:8      | Found a hide-covered altar of Uskayaw.
  9712 | D:9      | Found a blossoming altar of Fedhas.
  9736 | D:9      | Found a glowing golden altar of the Shining One.
  9744 | D:9      | Found a snail-covered altar of Cheibriados.
 10137 | D:8      | Noticed a gargoyle
 10151 | D:8      | Killed a gargoyle
 10720 | D:9      | Found a runed translucent door.
 10723 | D:9      | Found a burning altar of Makhleb.
 10723 | D:9      | Noticed a sixfirhy
 11026 | D:9      | Noticed a kobold demonologist
 11036 | D:9      | Noticed a sixfirhy
 11042 | D:9      | Killed a kobold demonologist
 11043 | D:9      | Reached skill level 11 in Axes
 11057 | D:9      | Identified the +6 scale mail of Apathy {Drain Fly rElec
                  | rC-}
 11134 | D:9      | Noticed Joseph
 11152 | D:9      | Killed Joseph
 11208 | D:9      | Reached XP level 11. HP: 60/62 MP: 11/11
 11227 | D:9      | Noticed a fire dragon
 11416 | D:10     | Entered Level 10 of the Dungeon
 11428 | D:10     | Found Wiopaywn's Magic Scroll Boutique.
 11851 | D:10     | Found a staircase to the Lair.
 12229 | D:10     | Reached *** piety under Hepliaklqana
 12284 | D:10     | Found a staircase to the Orcish Mines.
 12420 | D:9      | Reached skill level 1 in Polearms
 12813 | D:10     | Learned a level 3 spell: Call Canine Familiar
 12885 | D:10     | Found a large runed translucent door.
 12886 | D:10     | Found a large runed translucent door.
 12889 | D:10     | Noticed Urokeeper's ghost (novice MiFi)
 12952 | D:11     | Noticed a cyclops
 12961 | D:11     | Killed a cyclops
 12962 | D:11     | Reached skill level 12 in Axes
 13091 | D:10     | Bought 3 scrolls of enchant armour for 337 gold pieces
 13109 | D:11     | Noticed a red ugly thing
 13123 | D:11     | Killed a red ugly thing
 13128 | D:11     | Reached skill level 1 in Summonings
 13254 | D:11     | Noticed a two-headed ogre
 13261 | D:11     | Killed a two-headed ogre
 13306 | D:11     | Noticed a cyclops
 13315 | D:11     | Killed a cyclops
 13363 | D:11     | Noticed a death knight
 13526 | D:10     | Killed a death knight
 13527 | D:10     | Reached XP level 12. HP: 21/68 MP: 12/12
 14105 | D:11     | Reached skill level 5 in Dodging
 14121 | D:11     | Found a sparkling altar of Nemelex Xobeh.
 14616 | D:12     | Noticed a death knight
 15469 | Orc:1    | Entered Level 1 of the Orcish Mines
 15485 | Orc:1    | Reached skill level 5 in Polearms
 15579 | Orc:2    | Entered Level 2 of the Orcish Mines
 15659 | Orc:2    | Found Coven Umu's General Store.
 15678 | Orc:2    | Found a staircase to the Elven Halls.
 15737 | Orc:2    | Reached **** piety under Hepliaklqana
 15793 | Orc:2    | Mangled by an orc warrior

Illustrated notes

Levels and vault maps discovered:
D:1:      lightli_arrival_maybe_door_vault, layout_basic
D:2:      layout_basic
D:3:      layout_rooms, gammafunk_ghost_grave
D:4:      layout_basic, mainiacjoe_overflow_24_doors, uniq_ijyb
D:5:      layout_gridville, serial_co_window_serial, co_window_of_opportunity_a,
          co_window_of_opportunity_a, co_window_of_opportunity_a,
          co_window_corner_a, co_window_paths_b, co_window_of_opportunity_b,
          co_window_cross_3, co_window_cross_4, co_window_cross_2,
          co_window_broadway_c, glass_columns_c, glass_columns_b,
          glass_columns_a, glass_columns_a, uniq_blork_the_orc
D:6:      layout_loops_cross, gup_sewer_entry_bowl, uniq_duvessa, uniq_menkaure
D:7:      layout_loops_cross, minmay_temple_entry_enclosed_plants,
          minmay_manual_maat
D:8:      layout_basic, mainiacjoe_overflow_surrounded_room, uniq_grum,
          uniq_harold
D:9:      dragon1_lemuel, layout_loops_ring, nzn_makhleb_speed_demon,
          grunt_temple_overflow_open, kennysheep_generic_room_16, uniq_joseph
D:10:     layout_roguey, minmay_lair_entry_grove, minmay_orc_entry_temple_large,
          ebering_ghost_disaster_area, serial_shops, shop
D:11:     layout_loops_ring, special_room [special_room_orc],
          nemelex_diamond_rough_becter
D:12:     layout_gridville, uniq_psyche
Temple:   nicolae_temple_x_marks_the_god
Orc:1:    layout_diamond_mine, serial_shops, nicolae_lakefront_shop,
          gammafunk_ghost_split
Orc:2:    st_orc_congregation, layout_caves, serial_shops, shop, basic_altar,
          nooodl_orcs_dogs

Skill      XL: |  1  2  3  4  5  6  7  8  9 10 11 12 |
---------------+-------------------------------------+-----
Axes           | 3 4 5 6 8 10 11 12 | 12.9
Stealth        | 3 4 6 7 |  7.3
Fighting       | 4 5 6 7 8 9 |  9.7
Armour         | 1 2 3 4 5 6 |  6.7
Throwing       | 1 |  1.8
Dodging        | 3 4 5 |  5.2
Polearms       | 4 5 |  5.9
Summonings     | 2 3 |  3.0
Evocations     | |  0.1

Action                   |  1- 3 |  4- 6 |  7- 9 | 10-12 || total
-------------------------+-------+-------+-------+-------++-------
Melee: Hand axe          |   141 |    53 |       |       ||   194
       War axe           |       |   115 |    54 |       ||   169
       Broad axe         |       |       |   264 |   502 ||   766
       Glaive            |       |       |       |     1 ||     1
Throw: Stone             |     9 |     4 |       |       ||    13
       Dart              |       |       |    19 |     9 ||    28
Invok: Recall Ancestor   |       |       |       |     2 ||     2
Evoke: Wand              |       |       |     1 |     2 ||     3
  Use: Scroll            |       |     4 |    14 |     5 ||    23
       Potion            |       |     3 |     8 |     1 ||    12
 Stab: Sleeping          |     2 |       |     3 |     8 ||    13
       Paralysed         |       |       |     3 |       ||     3
       Distracted        |       |       |       |     9 ||     9
Armor: Robe              |    55 |       |       |       ||    55
       Plate armour      |     9 |   177 |   249 |       ||   435
       Steam dragon scal |       |       |    32 |    91 ||   123
       Scale mail        |       |       |       |   212 ||   212
Dodge: Dodged            |    78 |    57 |   138 |   371 ||   644
